 Dungeon Crawl Stone Soup version 0.31-a0-5-g84e6b3452c (webtiles) character file.

Game seed: 2261459627851167643

17 Jarnaxa the Thrower (level 2, -2/20 HPs)
             Began as a Gnoll Wanderer on May 4, 2023.
             Slain by an orc
             ... wielding a +0 club
              (3 damage)
             ... on level 3 of the Dungeon on May 5, 2023.
             The game lasted 00:01:49 (652 turns).

Jarnaxa the Thrower (Gnoll Wanderer)                 Turns: 652, Time: 00:01:50

Health: -2/20      AC:  5    Str: 11    XL:     2   Next: 62%
Magic:  5/5        EV:  9    Int: 10    God:
Gold:   90         SH:  5    Dex: 12    Spells: 5/6 levels left

rFire   . . .        a - +2 dagger
rCold   . . .        c - +0 buckler
rNeg    . . .        l - +0 ring mail
rPois   .            (no helmet)
rElec   .            (no cloak)
rCorr   .            (no gloves)
SInv    .            (no boots)
Will    .....        (no amulet)
Stlth   +            (no ring)
HPRegen 0.23/turn    (no ring)
MPRegen 0.09/turn

%: no passive effects
@: no status effects
A: fangs 1, strong nose, distributed training
a: no special abilities


You were on level 3 of the Dungeon.
You visited 1 branch of the dungeon, and saw 3 of its levels.

You collected 90 gold pieces.

Inventory:

Hand Weapons
 a - a +2 dagger (weapon)
Missiles
 h - 3 javelins (quivered)
 n - 5 poisoned darts
Armour
 c - a +0 buckler (worn)
 l - a +0 ring mail (worn)
Scrolls
 e - a scroll of identify {unknown}
 f - a scroll of blinking {unknown}
 i - a scroll of silence {unknown}
 j - a scroll of enchant armour {unknown}
Potions
 d - 3 potions of brilliance
 g - a potion of ambrosia {unknown}
 k - a potion of mutation {unknown}
 m - a potion of curing {unknown}


   Skills:
 + Level 0.5 Fighting
 + Level 0.5 Short Blades
 + Level 0.5 Long Blades
 + Level 0.5 Axes
 + Level 0.5 Maces & Flails
 + Level 0.5 Polearms
 + Level 0.5 Staves
 + Level 0.5 Ranged Weapons
 + Level 8.5 Throwing
 + Level 0.5 Armour
 + Level 0.5 Dodging
 + Level 0.5 Stealth
 + Level 6.5 Shields
 + Level 0.5 Unarmed Combat
 + Level 2.7 Spellcasting
 + Level 0.3 Conjurations
 + Level 0.3 Hexes
 + Level 0.3 Summonings
 + Level 0.3 Necromancy
 + Level 3.7 Translocations
 + Level 0.3 Transmutations
 + Level 0.3 Fire Magic
 + Level 0.3 Ice Magic
 + Level 0.3 Air Magic
 + Level 0.3 Earth Magic
 + Level 0.3 Poison Magic
 + Level 0.6 Invocations
 + Level 0.5 Evocations


You had 5 spell levels left.
You knew the following spells:

 Your Spells              Type           Power      Damage    Failure   Level
a - Apportation           Tloc           16%        N/A       22%         1

Your spell library contained the following spells:

 Spells                   Type           Power      Damage    Failure   Level
 Gell's Gravitas          Tloc           8%         N/A       54%         3
 Beastly Appendage        Tmut           4%         N/A       63%         1
 Slow                     Hex            8%         N/A       63%         1
 Wereblood                Tmut           2%         N/A       77%         2
 Confusing Touch          Hex            2%         N/A       94%         3
 Spider Form              Tmut/Pois      2%         N/A       94%         3
 Vampiric Draining        Necr           2%         2d6       94%         3


Dungeon Overview and Level Annotations

Branches:
Dungeon (3/15)

Altars:


Innate Abilities, Weirdness & Mutations

You have very sharp teeth.
Your uncanny sense of smell can sniff out nearby items.
Your experience applies equally to all skills.


Message History

a +0 dagger; 4 stones You now have 66 gold pieces (gained 9).
You now have 77 gold pieces (gained 11).
Found a stone staircase leading down.
A sourceless malevolence fills the Dungeon...
You fall into a shaft and drop 1 floor!
The shaft crumbles and collapses.
Found 13 gold pieces.
Found a stone staircase leading down.
Found a ring mail.
You now have 90 gold pieces (gained 13).
Found 5 stones.
Found a short sword.
Found a stone staircase leading up.
An orc priest comes into view. It is wielding a +0 hand axe.
The orc priest shouts!
An orc comes into view. It is wielding a +0 club.
The orc priest mumbles some strange prayers to Beogh against you.
Beogh smites you!
The orc shouts!
The orc priest looks braver for a moment.
You throw a curare-tipped dart.
The curare-tipped dart hits the orc priest.
The orc priest is poisoned.
The orc priest convulses.
The orc priest seems to slow down.
The orc priest is heavily wounded.
You throw a curare-tipped dart.
The curare-tipped dart closely misses the orc priest.
The curare-tipped dart closely misses the orc.
You hit the orc priest.
The orc priest is severely wounded.
You block the orc's attack.
The orc priest invokes the aid of Beogh against you.
Beogh smites you!
Ouch! That really hurt!
* * * LOW HITPOINT WARNING * * *
You hit the orc priest. You bite the orc priest.
The orc priest is almost dead.
You kill the orc priest!
The orc hits you with a +0 club.
You die...

....#..[... .#
..>...## ..# ......
.......###... ..(..
............. ....
...##.#.##### ....
...##......######..o
...####.(...##...(.∆
.........#..##.o)#
########.#..##..@#
#.#..##...#
#.#.......#
#.#............
#.####....##... #.#
#.<..# ... ..#
#..### .. ### ##.. .
#...


You could see an orc.

Vanquished Creatures
  An orc priest (D:3)
  An endoplasm (D:1)
  A giant cockroach (D:1)
  3 goblins (D:1)
  2 hobgoblins (D:1)
  3 bats (D:1)
  3 kobolds
  2 rats (D:1)
16 creatures vanquished.

Notes
Turn   | Place    | Note
-------+----------+-------------------------------------------
     0 | D:1      | Jarnaxa the Gnoll Wanderer began the quest for the Orb.
     0 | D:1      | Jarnaxa set off with the following items: a +2 dagger, 2
                  | curare-tipped darts, a +0 buckler, a potion of brilliance,
                  | a +0 leather armour; and the following spell memorised:
                  | Apportation; and the following spells available to
                  | memorise: Gell's Gravitas.
     0 | D:1      | Reached XP level 1. HP: 13/13 MP: 4/4
   152 | D:1      | Reached XP level 2. HP: 14/19 MP: 5/5
   560 | D:1      | Upgraded the game from 0.31-a0-4-gefa6de2278 to
                  | 0.31-a0-5-g84e6b3452c
   621 | D:2      | You fall into a shaft and drop 1 floor!
   651 | D:3      | HP: 1/20 [orc priest/divine providence (13)]
   652 | D:3      | Slain by an orc

Illustrated notes

Levels and vault maps discovered:
D:1:      saegor_arrival_fortress, layout_rooms
D:2:      wander_river, layout_rooms, shapermc_ecumenical_altar_rom_forum
D:3:      layout_basic, uniq_terence

Action                     || total
---------------------------++-------
  Melee: Dagger            ||    51
         Bite              ||     9
  Throw: Dart              ||     2
 Armour: Leather armour    ||    12
         Ring mail         ||     2
  Dodge: Dodged            ||    26
  Block: Buckler           ||    13

Table legend: (Time is in decaauts)
 A = Elapsed time spent in this place.
 B = Non-inter-level travel time spent in this place.
 C = Inter-level travel time spent in this place.
 D = Time resting spent in this place.
 E = Time spent auto-exploring this place.
 F = Levels seen in this place.
 G = Mean time per level.
                   A        B        C        D        E       F      G
               +--------+--------+--------+--------+--------+-----+--------+
         Total |    652 |    615 |     37 |     58 |    379 |   3 |  217.3 |
       Dungeon |    652 |    615 |     37 |     58 |    379 |   3 |  217.3 |
               +--------+--------+--------+--------+--------+-----+--------+

Top non-repeatable levels by time:
     D:1: 569 daAuts
     D:2: 52 daAuts
     D:3: 30 daAuts
